 Dungeon Crawl Stone Soup version 0.30.1-11-g7821555f0a (webtiles) character file.

Game seed: 2723592387386778505

1731 cowcol the Cleaver (level 8, -1/66 HPs)
             Began as a Minotaur Fighter on Nov 16, 2023.
             Succumbed to a killer bee's poison
             ... on level 7 of the Dungeon.
             The game lasted 00:14:09 (7793 turns).

cowcol the Cleaver (Minotaur Fighter)               Turns: 7793, Time: 00:14:10

Health: -1/66      AC: 16    Str: 23    XL:     8   Next: 76%
Magic:  7/7        EV:  8    Int:  5    God:
Gold:   204        SH:  4    Dex: 10    Spells: 7/7 levels left

rFire   . . .        a - +1 war axe
rCold   . . .        c - +0 buckler
rNeg    . . .        r - +0 chain mail
rPois   .            (helmet restricted)
rElec   .            d - +0 cloak
rCorr   .            m - +2 pair of gloves
SInv    +            (no boots)
Will    .....        (no amulet) Stlth
                     t - ring of see invisible
HPRegen 0.31/turn    (no ring)
MPRegen 0.10/turn

%: no passive effects
@: lethally poisoned (-1 -> -11), on berserk cooldown, slowed, very slow
A: horns 2, retaliatory headbutt
a: no special abilities


You were on level 7 of the Dungeon.
You visited 1 branch of the dungeon, and saw 8 of its levels.

You collected 204 gold pieces.

Inventory:

Hand Weapons
 a - a +1 war axe (weapon)
Missiles
 h - a poisoned dart (quivered)
 u - 6 boomerangs
Armour
 c - a +0 buckler (worn)
 d - a +0 cloak (worn)
 m - a +2 pair of gloves (worn)
 r - a +0 chain mail (worn)
Jewellery
 t - a ring of see invisible (left hand)
Wands
 o - a wand of mindburst (5)
Scrolls
 b - a scroll of silence
 e - a scroll of magic mapping
 k - 4 scrolls of teleportation
 l - a scroll of immolation {unknown}
 p - a scroll of fear
 q - a scroll of enchant weapon
Potions
 f - a potion of degeneration {unknown}
 g - a potion of flight
 i - a potion of ambrosia
 j - 4 potions of brilliance
 n - 3 potions of magic
 v - a potion of resistance {unknown}


   Skills:
 - Level 4.0 Fighting
 + Level 10.4 Axes
 - Level 1.0 Throwing
 + Level 8.9 Armour
 - Level 4.6 Shields


You had 7 spell levels left.
You didn't know any spells.
Your spell library contained the following spells:

 Spells                   Type           Power      Damage    Failure   Level
 Freeze                   Ice            0%         1d3       97%         1
 Sandblast                Erth           0%         2d4       97%         1
 Passwall                 Tmut/Erth      0%         N/A       99%         2
 Dazzling Flash           Conj/Hex       0%         N/A       100%        3
 Frozen Ramparts          Ice            0%         1d1       100%        3
 Hailstorm                Conj/Ice       0%         3d3       100%        3
 Stone Arrow              Conj/Erth      0%         3d7       100%        3
 Volatile Blastmotes      Fire/Tloc      0%         2d10      100%        3
 Animate Dead             Necr           0%         N/A       100%        4
 Iskenderun's Mystic Bla  Conj/Tloc      0%         2d3       100%        4
 Borgnjor's Vile Clutch   Necr/Erth      0%         N/A       100%        5
 Death Channel            Necr           0%         N/A       100%        6
 Starburst                Conj/Fire      0%         6d3       100%        6


Dungeon Overview and Level Annotations

Branches:
Dungeon (8/15)
 Temple: D:4-7         Lair: D:8-11

Altars:
Makhleb

Shops:
D:3 (([(   D:5 *


Innate Abilities, Weirdness & Mutations

You have a pair of horns on your head.
You reflexively headbutt those who attack you in melee.


Message History

The killer bee barely misses you.
You feel a strong urge to attack something.
You feel sick.
The killer bee stings you but does no damage.
Unknown command.
You feel sick.
The killer bee stings you but does no damage. x3
The killer bee stings you.
* * * LOW HITPOINT WARNING * * *
The killer bee stings you but does no damage.
You miss the killer bee.
The killer bee is lightly wounded.
You barely miss the killer bee. You closely miss the killer bee.
You feel sick. The killer bee stings you.
* * * LOW HITPOINT WARNING * * *
The killer bee stings you but does no damage.
The killer bee stings you!
* * * LOW HITPOINT WARNING * * *
You bump into the rock wall.
The killer bee stings you.
* * * LOW HITPOINT WARNING * * *
You are lethally poisoned!
The killer bee poisons you!
The killer bee stings you but does no damage. x2
You feel a strong urge to attack something.
* * * LOW HITPOINT WARNING * * *
You feel very sick. The killer bee closely misses you.
The killer bee misses you. The killer bee stings you.
* * * LOW HITPOINT WARNING * * *
You feel less invigorated.
You feel less confused.
You are no longer berserk.
You are exhausted.
You feel yourself slow down.
* * * LOW HITPOINT WARNING * * *
You feel sick.
Unknown command.
You closely miss the killer bee.
The killer bee is severely wounded.
You barely miss the killer bee.
You die...

#.....#..#........
#.....##'#......#+ ..
#.....#..#......+ ....
#.....#..#......#
....####.....#..#......#
#............#..#........
#............#..#........
#............#..#
####........@...#..#
.......####.yy..#
.......#..#y....#
.......#..#.....#
.......'..'.....+
.......#..#.....#
.......#..#.....#
+#######..#.....#
.........+.....#


You could see 3 killer bees.

Vanquished Creatures
  Grinder (D:5)
  A steam dragon (D:6)
  Edmund (D:6)
  A water moccasin (D:3)
  An ice beast (D:5)
  An ogre (D:4)
  2 phantoms
  2 scorpions
  5 wights (D:6)
  A hound (D:5)
  A jelly (D:5)
  Crazy Yiuf (D:3)
  An orc priest (D:3)
  An iguana (D:3)
  2 orc wizards
  6 gnolls
  9 adders
  3 white imps
  An ufetubus (D:5)
  2 dart slugs
  15 orcs
  9 endoplasms
  6 giant cockroaches
  3 goblins
  6 hobgoblins
  12 jackals
  3 quokkas
  8 ball pythons
  7 bats
  A frilled lizard (D:2)
  5 kobolds
  7 rats
125 creatures vanquished.

Vanquished Creatures (others)
  An orc wizard (D:5)
1 creature vanquished.

Grand Total: 126 creatures vanquished

Notes
Turn   | Place    | Note
-------+----------+-------------------------------------------
     0 | D:1      | cowcol the Minotaur Fighter began the quest for the Orb.
     0 | D:1      | Reached XP level 1. HP: 19/19 MP: 0/0
    43 | D:1      | Reached XP level 2. HP: 27/27 MP: 1/1
   659 | D:1      | Reached XP level 3. HP: 31/33 MP: 2/2
   661 | D:1      | Reached skill level 3 in Axes
  1530 | D:2      | Found a burning altar of Makhleb.
  1673 | D:2      | Reached XP level 4. HP: 40/40 MP: 3/3
  1927 | D:3      | Found Poeke's Weapon Emporium.
  1948 | D:3      | Noticed a water moccasin
  1957 | D:3      | Killed a water moccasin
  1958 | D:3      | Reached skill level 5 in Axes
  1958 | D:3      | Reached skill level 5 in Armour
  1958 | D:3      | Reached XP level 5. HP: 45/46 MP: 4/4
  1962 | D:3      | Found Waotseut's Assorted Antiques.
  1988 | D:3      | Found Itiupisa's Weapon Shop.
  2101 | D:3      | Reached XP level 6. HP: 36/52 MP: 5/5
  2338 | D:3      | Reached skill level 1 in Throwing
  2858 | D:3      | Found Qeseaden's Antique Armour Boutique.
  2892 | D:3      | Found a runed translucent door.
  2893 | D:3      | Noticed Crazy Yiuf
  2902 | D:3      | Killed Crazy Yiuf
  2903 | D:3      | Reached skill level 6 in Axes
  3112 | D:3      | Found Dauz's Antique Weapon Shoppe.
  3697 | D:4      | Reached skill level 7 in Axes
  3697 | D:4      | Reached XP level 7. HP: 7/59 MP: 6/6
  4253 | D:4      | Identified the staff of air "Bikloa Xyno" {Contam *Corrode
                  | rElec Str+3 Int+4}
  5014 | D:5      | Entered Level 5 of the Dungeon
  5521 | D:5      | Found Ugeameef's Neck Hole.
  5563 | D:5      | Reached skill level 8 in Axes
  6490 | D:5      | Noticed Grinder
  6503 | D:5      | Killed Grinder
  6504 | D:5      | Reached XP level 8. HP: 34/66 MP: 7/7
  7123 | D:6      | Reached skill level 9 in Axes
  7380 | D:6      | Reached skill level 10 in Axes
  7382 | D:6      | Noticed Edmund
  7391 | D:6      | Killed Edmund
  7677 | D:6      | You fall into a shaft and drop 2 floors!
  7791 | D:7      | HP: 2/99 [killer bee (5)]
  7793 | D:7      | Succumbed to a killer bee's poison

Illustrated notes

Levels and vault maps discovered:
D:1:      dpeg_arrival_orchard, layout_basic
D:2:      layout_basic, basic_altar
D:3:      layout_loops_ring, serial_shops, shop, shop, nicolae_shop_dealshenge,
          nicolae_shop_tiny_statue_garden, nicolae_shop_scrapyard, st_stairs_5,
          uniq_crazy_yiuf_cottage
D:4:      cheibrodos_quashed, layout_basic, minmay_misc_feat_room
D:5:      layout_basic, nicolae_shop_sticking_my_neck_out, uniq_grinder
D:6:      layout_basic, serial_co_window_serial, co_window_paths_a,
          co_window_corner_a, co_window_paths_a, co_window_of_opportunity_a,
          co_window_corner_a, co_window_of_opportunity_c,
          co_window_of_opportunity_b, co_window_of_opportunity_c,
          co_window_paths_c, co_window_cross_4, co_window_sun,
          co_window_paths_e, glass_columns_b, glass_columns_a, glass_columns_a,
          glass_columns_a, nicolae_grassy_gnolls, uniq_menkaure, uniq_edmund
D:7:      layout_gridville, minmay_temple_entry_slanted
D:8:      layout_rooms, gammafunk_ghost_grave

Skill      XL: |  1  2  3  4  5  6  7  8 |
---------------+-------------------------+-----
Armour         | 4 5 6 7 8 |  8.9
Fighting       | 4 |  4.0
Shields        | 4 |  4.6
Axes           | 3 5 7 8 10 | 10.4
Throwing       | 1 |  1.0

Action                     |  1- 3 |  4- 6 |  7- 9 || total
---------------------------+-------+-------+-------++-------
  Melee: War axe           |    79 |    84 |   153 ||   316
         Headbutt          |     4 |    13 |    26 ||    43
  Throw: Dart              |       |     9 |     7 ||    16
    Use: Scroll            |     4 |     1 |     4 ||     9
         Potion            |     1 |     1 |     2 ||     4
 Armour: Scale mail        |    42 |    41 |    33 ||   116
         Chain mail        |       |       |    75 ||    75
  Dodge: Dodged            |    50 |    29 |    62 ||   141
  Block: Buckler           |    17 |    16 |    33 ||    66
